 Dungeon Crawl Stone Soup version 0.30.0-29-ga12c61a403 (webtiles) character file.

Game seed: 11638328426761567106

182 GloriousHammer the Cleaver (level 5, -1/45 HPs)
             Began as a Hill Orc Monk on June 21, 2023.
             Slain by a sky beast (5 damage)
             ... on level 3 of the Dungeon on June 23, 2023.
             The game lasted 00:05:39 (3107 turns).

GloriousHammer the Cleaver (Hill Orc Monk)          Turns: 3107, Time: 00:05:40

Health: -1/45      AC:  3    Str: 16    XL:     5   Next: 62%
Magic:  5/5        EV: 12    Int: 10    God:
Gold:   100        SH:  0    Dex: 13    Spells: 4/4 levels left

rFire   + . .        a - +0 hand axe
rCold   x . .        d - orb {light}
rNeg    . . .        l - +0 leather armour
rPois   .            (no helmet)
rElec   .            (no cloak)
rCorr   .            (no gloves)
SInv    .            (no boots)
Will    .....        h - amulet of the acrobat
Stlth   +            F - ring of fire
HPRegen 0.27/turn    (no ring)
MPRegen 0.09/turn

%: acrobat
@: glowing
A: no striking features
a: no special abilities


You were on level 3 of the Dungeon.
You visited 1 branch of the dungeon, and saw 3 of its levels.

You collected 100 gold pieces.

Inventory:

Hand Weapons
 a - a +0 hand axe (weapon)
 b - a +0 sling
 t - a +2 mace of holy wrath
Armour
 d - an orb of light (worn)
 l - a +0 leather armour (worn)
Jewellery
 h - an amulet of the acrobat (around neck)
 F - a ring of fire (left hand)
Scrolls
 e - a scroll of vulnerability {unknown}
 f - 4 scrolls of identify {unknown}
 g - a scroll of enchant armour {unknown}
 j - a scroll of amnesia {unknown}
 k - a scroll of teleportation {unknown}
 m - a scroll of poison {unknown}
 n - a scroll of fear {unknown}
 o - a scroll of brand weapon {unknown}
 p - a scroll of silence {unknown}
Potions
 c - 2 potions of ambrosia
 r - a potion of curing {unknown}
 s - a potion of cancellation {unknown}


   Skills:
 - Level 3.6 Fighting
 + Level 8.1 Axes
 - Level 2.4 Dodging


You had 4 spell levels left.
You didn't know any spells.
Your spell library contained the following spells:

 Spells                   Type           Power      Damage    Failure   Level
 Blink                    Tloc           0%         N/A       56%         2
 Manifold Assault         Tloc           0%         N/A       99%         4
 Blade Hands              Tmut           0%         N/A       100%        5
 Irradiate                Conj/Tmut      0%         3d11      100%        5
 Dragon Form              Tmut           0%         N/A       100%        7
 Storm Form               Tmut/Air       0%         N/A       100%        7


Dungeon Overview and Level Annotations

Branches:
Dungeon (3/15)

Altars:
Fedhas
Kikubaaqudgha
Okawaru
Qazlal
Vehumet
The Shining One


Message History

The orc shouts!
The hobgoblin completely misses you.
You hit the hobgoblin.
The hobgoblin is severely wounded.
You hit the endoplasm. The hobgoblin completely misses you.
The endoplasm freezes you.
You are frozen!
You feel a terrible chill!
You hit the hobgoblin.
You kill the hobgoblin!
You hit the endoplasm.
You kill the endoplasm!
An orc comes into view. It is wielding a +0 club.
An orc comes into view. It is wielding a +2 mace of holy wrath.
You hit the orc.
The orc is lightly wounded.
You hit the orc but do no damage.
The orc is lightly wounded.
The orc hits you with a +0 club.
You hit the orc but do no damage.
The orc is lightly wounded.
The orc barely misses you.
You hit the orc but do no damage.
The orc is lightly wounded.
The orc hits you with a +0 club.
You hit the orc but do no damage.
The orc is lightly wounded.
The orc closely misses you.
You hit the orc.
The orc is heavily wounded.
The orc hits you with a +0 club.
You hit the orc but do no damage.
The orc is heavily wounded.
The orc hits you with a +0 club.
You hit the orc but do no damage.
The orc is heavily wounded.
A bat comes into view.
The orc misses you.
You hit the orc but do no damage.
The orc is heavily wounded.
The orc misses you.
You hit the orc.
The orc is almost dead.
The orc hits you but does no damage.
You hit the orc.
You kill the orc!
You hit the orc.
The orc is heavily wounded.
The orc hits you with a +0 flail!
You slash the orc!
You kill the orc!
The orc completely misses you.
Items here: ( )) [.
You hit the orc.
The orc is heavily wounded.
The orc closely misses you.
You hit the orc but do no damage.
The orc is heavily wounded.
The orc barely misses you.
You hit the orc.
The orc is severely wounded.
The orc barely misses you.
Press: ? - help, v - describe, . - travel
Here: an orc, wielding a +2 mace of holy wrath (haloed)
The floor.
You slash the orc!
You kill the orc!
You hit the orc.
The orc is moderately wounded.
The orc hits you with a +2 mace of holy wrath.
You hit the orc.
The orc is severely wounded.
The orc closely misses you.
You slash the orc!
You kill the orc!
The bat barely misses you.
You closely miss the bat. The bat hits you but does no damage.
The bat barely misses you.
You hit the bat.
The bat is moderately wounded.
The bat hits you but does no damage. The bat completely misses you.
Things that are here:
a +2 mace of holy wrath; a +0 club The bat misses you.
You barely miss the bat.
The bat is moderately wounded.
The bat closely misses you.
Things that are here:
a +2 mace of holy wrath; a +0 club The bat attacks as you move away!
The bat closely misses you. The bat hits you but does no damage.
Items here: ( )) [.
The bat misses you.
Things that are here:
a +2 mace of holy wrath; a +0 club You hit the bat.
You kill the bat!
t - a +2 mace of holy wrath You start resting.
HP restored.
You start waiting.
A sky beast is nearby!
A sky beast is nearby!
Throw: 2 darts (poison)
Press: ? - help, Q - select action, (/) - cycle Shift-Dir - straight line, f - sky beast
Aim: a sky beast (46% to hit)
You throw a poisoned dart.
The poisoned dart closely misses the sky beast.
Throw: dart (poison)
Press: ? - help, Q - select action, (/) - cycle Shift-Dir - straight line, f/p - sky beast
Aim: a sky beast (46% to hit)
You throw a poisoned dart.
The poisoned dart barely misses the sky beast.
You see here a +0 club.
Items here: ( )) [.
The sky beast flickers out of sight!
Deactivating autopickup; reactivate with Ctrl-A.
A sky beast appears from thin air!
Reactivating autopickup.
The sky beast flickers out of sight!
Deactivating autopickup; reactivate with Ctrl-A.
Things that are here:
a +0 short sword; an orc skeleton A sky beast appears from thin air!
Reactivating autopickup.
The sky beast flickers out of sight!
Deactivating autopickup; reactivate with Ctrl-A.
A sky beast appears from thin air!
Reactivating autopickup.
The sky beast flickers out of sight!
Deactivating autopickup; reactivate with Ctrl-A.
A sky beast appears from thin air!
Reactivating autopickup.
You see here 7 stones.
Natasha, Servant of Life and Death comes into view.
Natasha hisses angrily.
You hit Natasha.
Natasha is heavily wounded.
Natasha barely misses you.
You hit Natasha.
Natasha is almost dead.
Natasha claws you.
You hit Natasha but do no damage.
Natasha is almost dead.
You hit the sky beast. The sky beast hits you. The sky beast shocks you.
Natasha stares at you and mumbles some strange words.
The magic dart hits you!
You hit Natasha but do no damage.
Natasha is almost dead.
You barely miss the sky beast. The sky beast hits you.
The sky beast shocks you. Natasha claws you!
* * * LOW HITPOINT WARNING * * *
You hit Natasha.
You kill Natasha!
You feel Natasha's spirit has finally been put to rest.
You hit the sky beast. The sky beast barely misses you.
Your Axes skill increases to level 8!
Throw: throwing net
Press: ? - help, Q - select action Shift-Dir - straight line, f/p - sky beast
Aim: a sky beast (moderately wounded, haloed, 65% to hit)
You throw a throwing net. The throwing net hits the sky beast.
The sky beast is caught in the net!
The sky beast is moderately wounded.
The sky beast struggles against the net.
You hit the sky beast but do no damage.
The sky beast is moderately wounded.
The sky beast struggles against the net.
You catch the helpless sky beast completely off-guard!
You hit the sky beast.
The sky beast is heavily wounded.
The sky beast struggles against the net.
You hit the sky beast.
The sky beast is heavily wounded.
The sky beast struggles against the net.
You hit the sky beast but do no damage.
The sky beast is heavily wounded.
The sky beast struggles against the net.
You hit the sky beast.
The sky beast is severely wounded.
You catch the helpless sky beast completely off-guard!
You hit the sky beast.
The sky beast is severely wounded.
The sky beast struggles against the net.
The net rips apart, and the sky beast comes free!
You completely miss the sky beast.
The sky beast is severely wounded.
The sky beast closely misses you.
You hit the sky beast but do no damage.
The sky beast is severely wounded.
The sky beast hits you.
* * * LOW HITPOINT WARNING * * *
The sky beast shocks you.
* * * LOW HITPOINT WARNING * * *
You hit the sky beast but do no damage.
The sky beast is severely wounded.
The sky beast flickers out of sight for a moment.
The sky beast hits you.
* * * LOW HITPOINT WARNING * * *
The sky beast shocks you.
You die...

#########...#.# #.#
#.####[#Y# # #.#
#.####.#.# #.#.#
#....#.#.########
#.#.#######.#>#...Y....#
#....)........#.#####.##
###)#######.#########.#
#.#..<..#.#...Y.....#
#.#####.#@#.#########
#.......#Y#.#
#########.#.# #.#.#
#.#Y# ####### #.#.#
#.Y...# #.#.###.###Y#
#.#.....# #.#
#(#########.##


You could see a sky beast (invisible).

Vanquished Creatures
  Natasha (thrice) (D:3)
  3 adders
  3 worms
  3 dart slugs
  5 orcs (D:3)
  3 endoplasms
  2 giant cockroaches (D:1)
  6 goblins
  5 hobgoblins
  8 kobolds
  3 quokkas
  5 ball pythons
  6 bats
  3 frilled lizards (D:1)
  6 rats
64 creatures vanquished.

Notes
Turn   | Place    | Note
-------+----------+-------------------------------------------
     0 | D:1      | GloriousHammer the Hill Orc Monk began the quest for the
                  | Orb.
     0 | D:1      | Reached XP level 1. HP: 19/19 MP: 1/1
   454 | D:1      | Reached XP level 2. HP: 24/26 MP: 2/2
   498 | D:1      | Reached skill level 5 in Axes
   711 | D:1      | Reached XP level 3. HP: 31/31 MP: 3/3
  1415 | D:2      | Reached skill level 6 in Axes
  1645 | D:2      | Reached XP level 4. HP: 32/39 MP: 4/4
  2104 | D:3      | Noticed Natasha
  2121 | D:3      | Killed Natasha
  2131 | D:3      | Reached skill level 7 in Axes
  2448 | D:3      | Found a stormy altar of Qazlal.
  2448 | D:3      | Noticed a sky beast
  2532 | D:3      | Found a radiant altar of Vehumet.
  2536 | D:3      | Found a glowing golden altar of the Shining One.
  2538 | D:3      | Found a blossoming altar of Fedhas.
  2539 | D:3      | Found an iron altar of Okawaru.
  2541 | D:3      | Found an ancient bone altar of Kikubaaqudgha.
  2587 | D:3      | Reached XP level 5. HP: 41/45 MP: 5/5
  2694 | D:3      | Noticed Natasha
  2710 | D:3      | Killed Natasha
  3091 | D:3      | Noticed Natasha
  3097 | D:3      | Killed Natasha
  3098 | D:3      | Reached skill level 8 in Axes
  3107 | D:3      | Slain by a sky beast

Illustrated notes

Levels and vault maps discovered:
D:1:      dpeg_arrival_subterranean_lakeside_camping, layout_basic,
          minmay_tetromino_i2
D:2:      layout_basic
D:3:      layout_basic, nicolae_qazlal_beasts_of_the_sky, minitemple,
          uniq_natasha

Skill      XL: |  1  2  3  4  5 |
---------------+----------------+-----
Axes           | 5 6 7 8 |  8.1
Fighting       | |  3.6
Dodging        | |  2.4

Action                     |  1- 3 |  4- 6 || total
---------------------------+-------+-------++-------
  Melee: Hand axe          |   113 |   106 ||   219
  Throw: Dart              |       |     2 ||     2
         Throwing net      |       |     1 ||     1
   Stab: Held in net/web   |       |     2 ||     2
 Armour: Robe              |     4 |       ||     4
         Leather armour    |    17 |    11 ||    28
  Dodge: Dodged            |    71 |    51 ||   122
